 Dungeon Crawl Stone Soup version 0.27.0-1-g7a089689b8 (webtiles) character file.

Game seed: 7267095555791026257

51 inmateoo the Skirmisher (level 3, -2/24 HPs)
             Began as a Tengu Warper on Aug 6, 2021.
             Slain by Natasha (8 damage)
             ... on level 2 of the Dungeon.
             The game lasted 00:01:29 (1162 turns).

inmateoo the Skirmisher (Tengu Warper)              Turns: 1162, Time: 00:01:30

Health: -2/24      AC:  3    Str: 12    XL:     3   Next: 81%
Magic:  7/7        EV: 12    Int: 13    God:
Gold:   28         SH:  0    Dex: 13    Spells: 6/6 levels left

rFire    . . .     SeeInvis .   a - +0 spear
rCold    . . .     Faith    .   (no shield)
rNeg     . . .     Spirit   .   b - +0 leather armour
rPois    .         Reflect  .   (helmet restricted)
rElec    .         Harm     .   (no cloak)
rCorr    .         Rampage  .   (no gloves)
Will     .....                  (boots unavailable)
Stlth    +.........             (no amulet)
HPRegen  0.08/turn              (no ring)
MPRegen  0.10/turn              (no ring)

@: no status effects
A: beak, talons 3
a: no special abilities


You were on level 2 of the Dungeon.
You visited 1 branch of the dungeon, and saw 2 of its levels.

You collected 45 gold pieces.
You spent 17 gold pieces at shops.

Inventory:

Hand Weapons
 a - a +0 spear (weapon)
Missiles
 d - 5 boomerangs of dispersal (quivered)
Armour
 b - a +0 leather armour (worn)
Scrolls
 c - a scroll of blinking
Potions
 e - a potion of might {unknown}


   Skills:
 + Level 4.0 Fighting
 - Level 2.1 Polearms
 - Level 1.0 Throwing
 - Level 1.1 Armour
 - Level 2.1 Dodging
 - Level 2.0 Spellcasting
 - Level 2.4 Translocations


You had 6 spell levels left.
You didn't know any spells.
Your spell library contained the following spells:

 Spells                   Type           Power      Damage    Failure   Level
 Blink                    Tloc           N/A        N/A       19%         2
 Gell's Gravitas          Tloc           3%         N/A       36%         3
 Lesser Beckoning         Tloc           3%         N/A       36%         3
 Teleport Other           Tloc           7%         N/A       36%         3
 Manifold Assault         Tloc           7%         N/A       98%         5


Dungeon Overview and Level Annotations

Branches:
Dungeon (2/15)

Altars:

Shops:
D:1 :[!**

Annotations:
D:2 Natasha


Innate Abilities, Weirdness & Mutations

You have a beak for a mouth.
You have claws for feet.


Message History

A ball python is nearby!
A ball python is nearby!
You reach to attack!
You closely miss the ball python. You closely miss the ball python.
You peck the ball python.
You kill the ball python!
You see here a ball python corpse.
You now have enough gold to buy a sapphire potion on D:1, or buy a scroll labelled LOIZ QAUFIPROX on D:1.
You can access your shopping list by pressing '$'.
You now have 28 gold pieces (gained 8).
A frilled lizard comes into view.
The frilled lizard hisses angrily.
A frilled lizard is nearby!
A frilled lizard is nearby!
You miss the frilled lizard.
The frilled lizard hisses.
The frilled lizard closely misses you.
You hit the frilled lizard but do no damage.
Your kick misses the frilled lizard. The frilled lizard closely misses you.
A frilled lizard is nearby!
You hit the frilled lizard.
You kill the frilled lizard!
Found a curved glowing staff.
No target in view!
No target in view!
Natasha, Servant of Life and Death comes into view.
Natasha hisses angrily.
Natasha stares at you and mumbles some strange words.
The magic dart hits you!
You hit Natasha but do no damage. Natasha casts a spell at you.
The magic dart hits you.
You hit Natasha. You claw Natasha. You peck Natasha.
Natasha is almost dead.
Natasha casts a spell at you. The magic dart hits you.
* * * LOW HITPOINT WARNING * * *
You barely miss Natasha.
Natasha is almost dead.
Natasha claws you!
You die...

#######...#####
....#...†.......>..
.................. ##
..(#..............
.....#######...####.
.#.# #.....†.... ..#
#.#.>.#.... #h#
#.#...#....
#@######.#........
######........#...#....
........####..#####.#..
#.##.##.####........#..
#. #.#.......#####.. #
#.#.##.##.# .. #..
........ .
###.###.#.##.# # #.#..
..


You could see Natasha.

Vanquished Creatures
  A gnoll (D:1)
  A dart slug (D:1)
  2 endoplasms
  2 giant cockroaches (D:1)
  5 goblins
  5 hobgoblins (D:1)
  2 jackals (D:1)
  3 kobolds (D:1)
  6 ball pythons
  3 bats (D:1)
  3 frilled lizards
  5 rats
38 creatures vanquished.

Notes
Turn   | Place    | Note
-------+----------+-------------------------------------------
     0 | D:1      | inmateoo the Tengu Warper began the quest for the Orb.
     0 | D:1      | Reached XP level 1. HP: 12/12 MP: 4/4
   181 | D:1      | Found Motzor's Antique Armour Shop.
   188 | D:1      | Reached XP level 2. HP: 17/18 MP: 6/6
   321 | D:1      | Reached skill level 3 in Fighting
   567 | D:1      | Reached XP level 3. HP: 10/23 MP: 7/7
   580 | D:1      | Found Xuebb's Assorted Antiques.
   800 | D:1      | Bought a scroll labelled CAMEMUPT KETZ for 17 gold pieces
   826 | D:1      | Found Cuuruym's Book Shop.
   881 | D:1      | Found a faded altar of an unknown god.
   888 | D:1      | Found Ycwugot's Distillery.
   993 | D:1      | Found Lefe's Assorted Antiques.
  1113 | D:2      | Reached skill level 4 in Fighting
  1157 | D:2      | Noticed Natasha
  1162 | D:2      | Slain by Natasha

Illustrated notes

Levels and vault maps discovered:
D:1:      saegor_arrival_simple_b, layout_basic, serial_shops, shop,
          nicolae_square_shop, nicolae_lakefront_shop, shop, shop,
          shapermc_ecumenical_altar_venn
D:2:      layout_loops_cross, uniq_natasha

Skill      XL: |  1  2  3 |
---------------+----------+-----
Fighting       | 3 4 |  4.0
Polearms       | |  2.1
Throwing       | |  1.0
Armour         | |  1.1
Dodging        | |  2.1
Spellcasting   | |  2.0
Translocations | |  2.4

Action                   || total
-------------------------++-------
Melee: Spear             ||   111
       Kick              ||    14
       Peck              ||    15
  Use: Scroll            ||     2
Armor: Leather armour    ||    20
Dodge: Dodged            ||    42
